 Dungeon Crawl Stone Soup version 0.29-a0-330-g52719c12eb (webtiles) character file.

Game seed: 6571585193288728069

83 Barriton the Gusty (level 4, 0/34 HPs)
             Began as a Draconian Air Elementalist on Apr 15, 2022.
             Succumbed to an adder's poison
             ... on level 2 of the Dungeon.
             The game lasted 00:11:52 (2249 turns).

Barriton the Gusty (Draconian Air Elementalist)     Turns: 2249, Time: 00:11:53

Health: 0/34       AC:  5    Str: 11    XL:     4   Next: 22%
Magic:  7/7        EV: 12    Int: 17    God:
Gold:   61         SH:  0    Dex: 13    Spells: 4/7 levels left

rFire   + . .      SeeInvis .   b - +1 short sword
rCold   x . .      Faith    .   (no shield)
rNeg    . . .      Spirit   .   (body armour unavailable)
rPois   .          Reflect  .   (helmet restricted)
rElec   .          Harm     .   (no cloak)
rCorr   .          Rampage  .   (no gloves)
Will    .....                   (no boots)
Stlth   +++.......              (no amulet)
HPRegen 0.11/turn               e - ring of fire
MPRegen 0.10/turn               (no ring)

@: lethally poisoned (0 -> -2)
A: AC +5, unfitting armour, cold-blooded, antennae 1, thin skeletal structure 1
a: no special abilities


You were on level 2 of the Dungeon.
You visited 1 branch of the dungeon, and saw 2 of its levels.

You collected 61 gold pieces.

Inventory:

Hand Weapons
 b - a +1 short sword (weapon)
 f - a +0 lajatang
Armour
 c - a +1 leather armour
Jewellery
 e - a ring of fire (left hand)
Scrolls
 g - a scroll of noise {unknown}


   Skills:
 + Level 0.5 Fighting
 + Level 0.4 Short Blades
 + Level 2.2 Dodging
 + Level 2.3 Stealth
 - Level 2.4 Spellcasting
 - Level 1.2 Conjurations
 - Level 3.9 Air Magic


You had 4 spell levels left.
You knew the following spells:

 Your Spells              Type           Power      Damage    Failure   Level
a - Shock                 Conj/Air       40%        1d5       6%          1
b - Static Discharge      Conj/Air       10%        N/A       10%         2

Your spell library contained the following spells:

 Spells                   Type           Power      Damage    Failure   Level
 Swiftness                Air            15%        N/A       11%         3
 Magic Dart               Conj           24%        1d4       12%         1
 Poisonous Vapours        Pois/Air       16%        N/A       12%         2
 Searing Ray              Conj           12%        2d4       17%         2
 Sandblast                Erth           4%         2d4       19%         1
 Sting                    Tmut/Pois      8%         1d3       19%         1
 Passwall                 Tmut/Erth      1%         N/A       28%         2
 Airstrike                Air            7%         N/A       34%         4
 Stone Arrow              Conj/Erth      8%         3d7       41%         3
 Fulminant Prism          Conj/Hex       2%         3d6       82%         4
 Olgreb's Toxic Radiance  Pois           2%         N/A       88%         4


Dungeon Overview and Level Annotations

Branches:
Dungeon (2/15)

Altars:
Trog


Innate Abilities, Weirdness & Mutations

Your plain brown scales are hard. (AC +5)
You cannot fit into any form of body armour.
You are cold-blooded and may be slowed by cold attacks.
You have a pair of small antennae on your head.
You have a somewhat thin skeletal structure. (Dex +2, Stealth+)


Message History

The adder barely misses you.
The hobgoblin hits you but does no damage.
The adder bites you but does no damage.
Unknown command.
You miss the adder.
The adder is heavily wounded.
The hobgoblin hits you. The adder barely misses you.
You hit the adder.
The adder is heavily wounded.
The hobgoblin barely misses you. The adder bites you.
You are poisoned.
The adder poisons you! The hobgoblin attacks as you move away!
The hobgoblin hits you.
You feel sick. The adder bites you.
* * * LOW HITPOINT WARNING * * *
Casting: Static Discharge (safe; 10% risk of failure)
Confirm with . or Enter, or press ? or * to list all spells.
You don't have enough magic to cast this spell.
The hobgoblin attacks as you move away! The hobgoblin barely misses you.
You feel sick.
Casting: Static Discharge (safe; 10% risk of failure)
Confirm with . or Enter, or press ? or * to list all spells.
You don't have enough magic to cast this spell.
You feel sick.
You barely miss the adder.
You tail-slap the adder, but do no damage.
The adder is heavily wounded.
You feel sick. The adder barely misses you. The hobgoblin hits you.
* * * LOW HITPOINT WARNING * * *
The adder bites you.
* * * LOW HITPOINT WARNING * * *
The hobgoblin misses you.
It was a potion of mutation.
You feel extremely strange. A pair of antennae grows on your head!
Your bones become slightly less dense.
* * * LOW HITPOINT WARNING * * *
You feel sick. The adder bites you.
* * * LOW HITPOINT WARNING * * *
The hobgoblin barely misses you. Magic courses through your body.
You die...

#...# #...# #....#
###.# #....# #.#
#....# ## #.#
#####....+ .. #.#
#.......# .# #.#
#.......# #.#
#......# #.#
#.....@# . #.#
#.>..Sg# $..
#.###......# #....
#..........#......
########........#
#........#
#.$......#
#........#
#........#


You could see an adder and a hobgoblin.

Vanquished Creatures
  A howler monkey (D:2)
  An adder (D:2)
  2 dart slugs (D:1)
  3 ball pythons
  2 endoplasms (D:1)
  5 giant cockroaches (D:1)
  3 goblins (D:1)
  2 hobgoblins (D:2)
  2 quokkas (D:1)
  3 bats (D:1)
  A frilled lizard (D:1)
  2 kobolds (D:1)
  5 rats
32 creatures vanquished.

Vanquished Creatures (others)
  4 plants
4 creatures vanquished.

Grand Total: 36 creatures vanquished

Notes
Turn   | Place    | Note
-------+----------+-------------------------------------------
     0 | D:1      | Barriton the Draconian Air Elementalist began the quest for
                  | the Orb.
     0 | D:1      | Reached XP level 1. HP: 14/14 MP: 3/3
   472 | D:1      | Reached XP level 2. HP: 20/20 MP: 0/5
   478 | D:1      | Learned a level 2 spell: Static Discharge
  1131 | D:1      | Reached XP level 3. HP: 26/26 MP: 3/6
  2062 | D:2      | Found a faded altar of an unknown god.
  2079 | D:2      | Prayed at the altar of an unknown god.
  2079 | D:2      | Became a worshipper of Trog the Wrathful
  2079 | D:2      | Reached * piety under Trog
  2080 | D:2      | Fell from the grace of Trog
  2238 | D:2      | Reached XP level 4. HP: 24/34 MP: 2/7
  2248 | D:2      | Gained mutation: You have a pair of small antennae on your
                  | head. [potion of mutation]
  2248 | D:2      | Gained mutation: You have a somewhat thin skeletal
                  | structure. (Dex +2, Stealth+) [potion of mutation]
  2248 | D:2      | HP: 1/34 [adder (2)]
  2249 | D:2      | Succumbed to an adder's poison

Illustrated notes

Levels and vault maps discovered:
D:1:      spicycebolla_arrival_xxxplode, layout_basic, serial_bayou_ford_a
D:2:      layout_basic, shapermc_ecumenical_altar_mp_urbaneastern,
          minmay_pentomino_x2, uniq_sigmund

Skill      XL: |  1  2  3 |
---------------+----------+-----
Dodging        | 2 |  2.2
Stealth        | 2 |  2.3
Fighting       | |  0.5
Short Blades   | |  0.4
Spellcasting   | |  2.4
Conjurations   | |  1.2
Air Magic      | |  3.9

Action                   |  1- 3 |  4- 6 || total
-------------------------+-------+-------++-------
Melee: Unarmed           |    14 |       ||    14
       Short sword       |    24 |     4 ||    28
       Tailslap          |     2 |     1 ||     3
 Cast: Shock             |    52 |       ||    52
       Static Discharge  |     6 |     1 ||     7
Invok: Renounce Religion |     1 |       ||     1
  Use: Scroll            |     3 |       ||     3
       Potion            |       |     2 ||     2
Armor: Skin              |    21 |     2 ||    23
Dodge: Dodged            |    38 |     8 ||    46

Table legend: (Time is in decaauts)
 A = Elapsed time spent in this place.
 B = Non-inter-level travel time spent in this place.
 C = Inter-level travel time spent in this place.
 D = Time resting spent in this place.
 E = Time spent auto-exploring this place.
 F = Levels seen in this place.
 G = Mean time per level.
                   A        B        C        D        E       F      G
               +--------+--------+--------+--------+--------+-----+--------+
         Total |   2267 |   2247 |     20 |      0 |   1926 |   2 | 1133.5 |
       Dungeon |   2267 |   2247 |     20 |      0 |   1926 |   2 | 1133.5 |
               +--------+--------+--------+--------+--------+-----+--------+

Top non-repeatable levels by time:
     D:1: 1733 daAuts
     D:2: 533 daAuts
